 Dungeon Crawl Stone Soup version 0.26-a0-712-ga5a9c9c9d0 (webtiles) character file.

Game seed: 12016343152103896028

1379 kae the Insei (level 8, -1/44 HPs)
             Began as a Tengu Transmuter on Nov 13, 2020.
             Killed from afar by an orc wizard (7 damage)
             ... with a magic dart
             ... on level 6 of the Dungeon.
             The game lasted 00:05:00 (8276 turns).

kae the Insei (Tengu Transmuter)                    Turns: 8276, Time: 00:05:01

Health: -1/44      AC:  2    Str: 18    XL:     8   Next: 66%
Magic:  12/13      EV: 25    Int: 13    God:
Gold:   358        SH:  0    Dex: 21    Spells: 9/13 levels left

rFire    . . .     SeeInvis .     - Unarmed
rCold    . . .     Faith    .   (shield currently unavailable)
rNeg     . . .     Spirit   .   (armour currently unavailable)
rPois    x         Reflect  .   (helmet currently unavailable)
rElec    .         Harm     .   (cloak currently unavailable)
rCorr    .         Rampage  .   (gloves currently unavailable)
MR       .....                  (boots unavailable)
Stlth    ++........             (no amulet)
HPRegen  0.14/turn              d - +6 ring of strength
MPRegen  0.13/turn              (no ring)

@: spider-form (expiring), flying quickly and evasively, quick
A: tiny, able to fly
a: Stop Flying, End Transformation


You were on level 6 of the Dungeon.
You were a venomous arachnid creature.
You visited 1 branch of the dungeon, and saw 6 of its levels.

You collected 358 gold pieces.

Inventory:

Armour
 a - a +0 robe (melded)
Jewellery
 d - a +6 ring of strength (left front leg)
Wands
 k - a wand of paralysis (12)
 q - a wand of polymorph (8)
 s - a wand of disintegration (13)
Scrolls
 b - 4 scrolls of identify
 c - a scroll of teleportation
 f - 2 scrolls of remove curse
 h - a scroll of enchant armour {unknown}
 i - a scroll of fog
 p - a scroll of enchant weapon
 r - a scroll of amnesia {unknown}
Potions
 e - a potion of might
 g - a potion of invisibility
 j - a potion of ambrosia {unknown}
 m - 3 potions of flight {unknown}
 n - a potion of stabbing {unknown}
 o - a potion of haste {unknown}
 t - a potion of degeneration {unknown}
 u - a potion of magic {unknown}


   Skills:
 - Level 2.0 Fighting
 - Level 3.0 Dodging
 + Level 6.9 Unarmed Combat
 - Level 3.0 Spellcasting
 * Level 6.8 Transmutations


You had 9 spell levels left.
You knew the following spells:

 Your Spells              Type           Power        Failure   Level
a - Beastly Appendage     Tmut           ###...       6%          1
b - Spider Form           Tmut/Pois      ##........   36%         3

Your spell library contained the following spells:

 Spells                   Type           Power        Failure   Level
 Wereblood                Tmut           ###.....     8%          2
 Blade Hands              Tmut           ###.......   58%         5
 Ice Form                 Ice/Tmut       ##......     71%         4


Dungeon Overview and Level Annotations

Branches:
Dungeon (6/15)
 Temple: D:4-7

Altars:
Dithmenos
Elyvilon
Gozag
Kikubaaqudgha
Nemelex Xobeh
Ru
The Shining One

Shops:
D:4 *

Annotations:
D:2 1 runed translucent door, Crazy Yiuf


Innate Abilities, Weirdness & Mutations

((You have a beak for a mouth.))
((You have claws for feet.))
You can fly continuously.


Message History

* * * LOW HITPOINT WARNING * * *
The orc wizard casts a spell at you. The magic dart hits you!
* * * LOW HITPOINT WARNING * * *
You feel better. The orc wizard barely misses you. The hound misses you.
The gnoll closely misses you.
The orc wizard hits you with a +0 dagger.
* * * LOW HITPOINT WARNING * * *
You barely miss the orc wizard.
The orc wizard is moderately wounded.
The hound completely misses you. The gnoll hits you but does no damage.
The orc wizard misses you. The hound bites you.
* * * LOW HITPOINT WARNING * * *
The gnoll sergeant hits you from afar with a +0 trident.
* * * LOW HITPOINT WARNING * * *
The orc wizard mumbles some strange words.
The orc wizard blinks!
The orc wizard points at you and mumbles some strange words.
The magic dart hits you!
You die...

#............ .....
##........... PPP...#
##.......... ♣P♣...#
#........#.. ♣PPPP.##
#........#.. #♣PP♣..o#
#........... .
#PPPPP..#####(.......#..
''######♣.......([().........
..'....'.g.hs...###.).....#..
#..>$O.g.g....# #..........
#....'..§.....# #.......#..
######......### #......###.
#♣PP..## ###..######
♣P♣..########..##....
♣♣PP.................
.g#♣P♣......#.#.....##..
.h#PPPP..##.......###..#


You could see an ogre, a gnoll sergeant, a hound, an orc wizard (fast, very
poisoned) and 2 gnolls.

Vanquished Creatures
  Sigmund (D:2)
  2 orc warriors (D:6)
  An ogre (D:4)
  A centaur (D:6)
  A bullfrog (D:6)
  2 scorpions (D:5)
  A bullfrog zombie (D:6)
  2 hounds
  2 jellies
  2 orc wizards
  2 orc priests
  A centaur skeleton (D:5)
  Natasha (thrice) (D:2)
  2 iguanas (D:4)
  A worker ant (D:5)
  8 gnolls
  A howler monkey skeleton (D:4)
  3 adders
  An ufetubus (D:5)
  2 oozes (D:5)
  An adder skeleton (D:6)
  A worm (D:4)
  2 dart slugs
  A leopard gecko (D:2)
  21 orcs
  14 bats
  4 giant cockroaches
  7 hobgoblins
  6 jackals
  3 quokkas
  2 ball pythons (D:1)
  8 frilled lizards
  3 goblins (D:1)
  6 kobolds
  3 quokka skeletons
  12 rats
133 creatures vanquished.

Notes
Turn   | Place    | Note
-------+----------+-------------------------------------------
     0 | D:1      | kae the Tengu Transmuter began the quest for the Orb.
     0 | D:1      | Reached XP level 1. HP: 12/12 MP: 4/4
     1 | D:1      | Noticed an electric eel
   407 | D:1      | Reached XP level 2. HP: 13/16 MP: 6/6
  1090 | D:1      | Reached XP level 3. HP: 18/20 MP: 5/7
  1495 | D:1      | You fall into a shaft and drop 1 floor!
  2037 | D:2      | Noticed Sigmund
  2121 | D:1      | Learned a level 3 spell: Spider Form
  2132 | D:2      | Killed Sigmund
  2132 | D:2      | Reached XP level 4. HP: 14/25 MP: 5/8
  2132 | D:2      | Gained mutation: You can fly continuously. [Tengu growth]
  2132 | D:2      | Reached XP level 5. HP: 17/29 MP: 5/9
  2610 | D:2      | Noticed Natasha
  2697 | D:2      | Killed Natasha
  2697 | D:2      | Reached XP level 6. HP: 26/34 MP: 6/10
  2851 | D:2      | Found a runed translucent door.
  2852 | D:2      | Noticed Crazy Yiuf
  2993 | D:2      | Noticed Natasha
  3004 | D:2      | Killed Natasha
  3044 | D:2      | Found a shadowy altar of Dithmenos.
  3067 | D:2      | Noticed Natasha
  3077 | D:2      | Killed Natasha
  3522 | D:3      | Reached skill level 5 in Unarmed Combat
  3712 | D:3      | Found an opulent altar of Gozag.
  4012 | D:3      | Found a sparkling altar of Nemelex Xobeh.
  4390 | D:4      | Reached XP level 7. HP: 38/38 MP: 7/11
  4399 | D:4      | Reached skill level 5 in Transmutations
  4514 | D:4      | Found Vodghidut's General Store.
  4592 | D:4      | Found a white marble altar of Elyvilon.
  5564 | D:4      | Found an ancient bone altar of Kikubaaqudgha.
  5831 | D:5      | Entered Level 5 of the Dungeon
  6186 | D:5      | Found a glowing golden altar of the Shining One.
  6901 | D:5      | Found a sacrificial altar of Ru.
  6940 | D:5      | Reached XP level 8. HP: 44/44 MP: 8/12
  8260 | D:6      | HP: 1/44 [orc wizard/puff of flame (9)]
  8276 | D:6      | Killed from afar by an orc wizard

Illustrated notes

Levels and vault maps discovered:
D:1:      arrival_aquarium_a, layout_basic
D:2:      layout_basic, nicolae_dithmenos_through_a_glass_darkly, uniq_natasha,
          uniq_crazy_yiuf_cottage, uniq_sigmund
D:3:      layout_basic, nemelex_xobeh_ov_fountains_minmay, marbit_many_paths
D:4:      layout_loops_ring, kiku_gazebo_pond_becter, serial_shops,
          shop_fountains, kennysheep_path_1, elyvilon_altar_3
D:5:      layout_rooms, nicolae_ru_sacrificial_ziggurat,
          nicolae_tso_carved_into_rock
D:6:      kennysheep_housing_project, layout_rooms, makhleb_altar_promises_db

Skill      XL: |  1  2  3  4  5  6  7  8 |
---------------+-------------------------+-----
Transmutations | 2 3 4 5 6 |  6.8
Dodging        | 3 |  3.0
Unarmed Combat | 4 5 6 |  6.9
Fighting       | 2 |  2.0
Spellcasting   | 3 |  3.0

Action                   |  1- 3 |  4- 6 |  7- 9 || total
-------------------------+-------+-------+-------++-------
Melee: Unarmed           |    84 |   101 |   175 ||   360
       Kick              |    15 |    21 |    26 ||    62
       Headbutt          |     5 |    11 |     4 ||    20
       Peck              |    11 |     8 |    13 ||    32
       Punch             |       |       |     1 ||     1
 Cast: Beastly Appendage |    15 |    19 |    10 ||    44
       Spider Form       |     1 |     4 |    19 ||    24
 Abil: Fly               |       |     1 |       ||     1
  Use: Scroll            |       |    11 |       ||    11
       Potion            |       |       |     5 ||     5
 Stab: Sleeping          |     1 |       |       ||     1
Armor: Robe              |    28 |    13 |     4 ||    45
       Skin              |       |     1 |     6 ||     7
Dodge: Dodged            |    69 |   101 |   170 ||   340

Table legend: (Time is in decaauts)
 A = Elapsed time spent in this place.
 B = Non-inter-level travel time spent in this place.
 C = Inter-level travel time spent in this place.
 D = Time resting spent in this place.
 E = Time spent auto-exploring this place.
 F = Levels seen in this place.
 G = Mean time per level.
                   A        B        C        D        E       F      G
               +--------+--------+--------+--------+--------+-----+--------+
         Total |   8018 |   7795 |    223 |   1193 |   5600 |   6 | 1336.3 |
       Dungeon |   8018 |   7795 |    223 |   1193 |   5600 |   6 | 1336.3 |
               +--------+--------+--------+--------+--------+-----+--------+

Top non-repeatable levels by time:
     D:1: 2157 daAuts
     D:3: 1479 daAuts
     D:2: 1153 daAuts
     D:5: 1129 daAuts
     D:4: 1066 daAuts
     D:6: 1032 daAuts
